 Dungeon Crawl Stone Soup version 0.21-a0-163-g3aa3f5d (console) character file.

111 Duffy the Skirmisher (level 4, -3/37 HPs)
             Began as a Demonspawn Fighter on Aug 5, 2017.
             Slain by a phantom (5 damage)
             ... on level 4 of the Dungeon.
             The game lasted 00:01:53 (1237 turns).

Duffy the Skirmisher (Demonspawn Fighter)           Turns: 1237, Time: 00:01:54

Health: -3/37      AC:  6    Str: 18    XL:     4   Next: 62%
Magic:  0/4        EV:  7    Int:  9    God:
Gold:   39         SH:  9    Dex: 12    Spells: 3/3 levels left

rFire    . . .     SeeInvis .   a - +0 war axe
rCold    . . .     Gourm    .   c - +0 shield
rNeg     . . .     Faith    .   b - +0 scale mail
rPois    .         Spirit   +   (no helmet)
rElec    .         Reflect  .   (no cloak)
rCorr    .         Harm     .   (no gloves)
MR       .....                  (no boots)
Stlth    ..........             (no amulet)
HPRegen  0.12/turn              h - ring of loudness (curse)
MPRegen  0.09/turn              (no ring)

@: no status effects
A: powered by pain 1, magic shield
a: no special abilities


You were on level 4 of the Dungeon.
You were not hungry.

You visited 1 branch of the dungeon, and saw 4 of its levels.

You collected 39 gold pieces.

Inventory:

Hand Weapons
 a - a +0 war axe (weapon)
Armour
 b - a +0 scale mail (worn)
 c - a +0 shield (worn)
Jewellery
 h - a cursed ring of loudness (left hand)
Scrolls
 i - a scroll of random uselessness {unknown}
 m - 3 scrolls of identify
 n - a scroll of recharging {unknown}
 q - a scroll of amnesia {unknown}
Potions
 d - a potion of might
 e - a potion of flight {unknown}
 k - a potion of brilliance {unknown}
 l - a potion of heal wounds {unknown}
Comestibles
 f - 2 bread rations
 g - 4 meat rations
 j - 3 fruits


   Skills:
 + Level 3.7 Fighting
 * Level 3.3 Axes
 - Level 2.6 Armour
 + Level 3.3 Shields


You had 3 spell levels left.
You didn't know any spells.

Dungeon Overview and Level Annotations

Branches:
Dungeon (4/15)
 Temple: D:4-7

Altars:
Uskayaw


Innate Abilities, Weirdness & Mutations

You sometimes gain a little power by taking damage.
When hurt, damage is shared between your health and your magic reserves.


Message History

You miss the phantom.
The phantom is heavily damaged.
The phantom blinks!
The phantom barely misses you.
You hit the phantom.
The phantom is severely damaged.
The phantom hits you but does no damage.
You barely miss the phantom.
The phantom is severely damaged.
You block the phantom's attack.
The phantom hits you but does no damage.
You closely miss the phantom.
The phantom is severely damaged.
The phantom hits you.
The phantom blinks!
The phantom blinks!
The phantom blinks!
You closely miss the phantom.
The phantom is heavily damaged.
The phantom hits you!
You die...

..........# ####...#
.........# ####......##
.........###..........#
.....................?#
......................##
.......................#
.......................#
#.#####....##..........#
### #...##...W@......#
...####...).......#
..... #...........#
.###. ###.........# #.
###......## # #####.##
###


You could see a phantom.

Vanquished Creatures
  A scorpion (D:4)
  A hound skeleton (D:4)
  An adder (D:2)
  An orc (D:4)
  A ball python (D:2)
  A giant cockroach (D:1)
  2 goblins (D:2)
  5 hobgoblins
  12 jackals
  2 kobolds (D:1)
  4 bats (D:1)
  A frilled lizard (D:1)
  3 rats
35 creatures vanquished.

Notes
Turn   | Place    | Note
-------+----------+-------------------------------------------
     0 | D:1      | Duffy the Demonspawn Fighter began the quest for the Orb.
     0 | D:1      | Reached XP level 1. HP: 18/18 MP: 1/1
   269 | D:1      | Gained mutation: When hurt, damage is shared between your health and your magic reserves. [demonic ancestry]
   269 | D:1      | Reached XP level 2. HP: 23/24 MP: 2/2
   997 | D:2      | Gained mutation: You sometimes gain a little power by taking damage. [demonic ancestry]
   997 | D:2      | Reached XP level 3. HP: 29/29 MP: 3/3
  1125 | D:4      | Found a hide-covered altar of Uskayaw.
  1125 | D:4      | Noticed a dagger
  1126 | D:4      | Noticed a hand axe
  1134 | D:4      | Noticed a scorpion
  1145 | D:4      | Killed a scorpion
  1145 | D:4      | Reached XP level 4. HP: 17/37 MP: 4/4
  1165 | D:4      | Noticed a phantom
  1223 | D:4      | HP: 1/37 [phantom (3)]
  1231 | D:4      | HP: 1/37 [phantom (1)]
  1237 | D:4      | Slain by a phantom

Vault maps used:
D:1:      lordsloth_arrival_two_stooges
D:2:      first_bread
D:3:      nicolae_overflow_hidden_temple, lemuel_round_altar,
          cheibrodos_sewer_entry_bend
D:4:      dancing_weapons_uskayaw

Skill      XL: |  1  2  3 |
---------------+----------+-----
Axes           | 2 3 |  3.3
Shields        | 3 |  3.3
Fighting       | |  3.7
Armour         | |  2.6

Action                   |  1- 3 |  4- 6 || total
-------------------------+-------+-------++-------
Melee: War axe           |   113 |    21 ||   134
  Use: Scroll            |     2 |       ||     2
  Eat: Chunk             |     1 |       ||     1
Armor: Scale mail        |    58 |     7 ||    65
Dodge: Dodged            |    38 |     4 ||    42
Block: Shield            |    77 |     7 ||    84
